 Dungeon Crawl Stone Soup version 0.21.1-1-g345015fe64 (webtiles) character file.

97 Gargoyl the Skirmisher (level 4, 0/38 HPs)
             Began as a Centaur Abyssal Knight on July 6, 2018.
             Was a Follower of Lugonu.
             Succumbed to Crazy Yiuf's poison
             ... on level 2 of the Dungeon.
             The game lasted 00:02:53 (2210 turns).

Gargoyl the Skirmisher (Centaur Abyssal Knight)     Turns: 2210, Time: 00:02:53

Health: 0/38       AC:  8    Str: 11 (14) XL:     4   Next: 42%
Magic:  6/6        EV:  2    Int:  9 (11) God:    Lugonu [*.....]
Gold:   64         SH:  0    Dex:  7 (10) Spells: 3/3 levels left

rFire    . . .     SeeInvis .   f - +3 hand axe (flame)
rCold    . . .     Gourm    .   (no shield)
rNeg     . . .     Faith    .   d - +0 chain mail
rPois    .         Spirit   .   (no helmet)
rElec    .         Reflect  .   j - +0 cloak
rCorr    .         Harm     .   (no gloves)
MR       .....                  (no barding)
Stlth    ..........             (no amulet)
HPRegen  0.12/turn              (no ring)
MPRegen  0.10/turn              (no ring)

@: lethally poisoned (0 -> -20), flying, drained, very quick
A: large, hooves 3, deformed body, speed 2, tough skin 3
a: Depart the Abyss, Renounce Religion


You were on level 2 of the Dungeon.
You worshipped Lugonu.
Lugonu was aware of your devotion.
You were not hungry.

You visited 1 branch of the dungeon, and saw 2 of its levels.
You visited the Abyss 1 time.

You collected 64 gold pieces.

Inventory:

Hand Weapons
 a - a +1 hand axe
 f - a +3 hand axe of flaming (weapon)
Armour
 d - a +0 chain mail (worn)
 j - a +0 cloak (worn)
Wands
 i - a wand of enslavement (13)
Scrolls
 e - 2 scrolls of identify
 g - a scroll of teleportation
 m - 2 scrolls of fog
Comestibles
 c - 2 rations


   Skills:
 + Level 3.5(3.0) Fighting
 + Level 2.5(2.0) Axes
 * Level 2.3(1.8) Armour
 + Level 0.6(0.1) Dodging
 * Level 2.8(2.3) Invocations


You had 3 spell levels left.
You didn't know any spells.

Dungeon Overview and Level Annotations

Branches:
Dungeon (2/15)

Altars:
Ru

Annotations:
D:2 Crazy Yiuf


Innate Abilities, Weirdness & Mutations

You have hooves in place of feet.
Armour fits poorly on your strangely shaped body.
You cover ground very quickly.
You have extremely tough skin. (AC +3)


Message History

You fly up into the air.
You feel sick. Crazy Yiuf hits you but does no damage.
You feel drained.
It was a potion of degeneration.
There was something very wrong with that liquid.
You feel weakened.
You feel dopey.
You feel clumsy.
Crazy Yiuf hits you with a quarterstaff of chaos!
* * * LOW HITPOINT WARNING * * *
You are lethally poisoned!
Unknown command.
You hit Crazy Yiuf. You burn Crazy Yiuf.
Crazy Yiuf is moderately wounded.
* * * LOW HITPOINT WARNING * * *
You feel sick.
Crazy Yiuf hits you with a quarterstaff of chaos.
* * * LOW HITPOINT WARNING * * *
Crazy Yiuf burns you.
* * * LOW HITPOINT WARNING * * *
You slash Crazy Yiuf! You burn Crazy Yiuf. You kick Crazy Yiuf.
Crazy Yiuf is almost dead.
You die...

###.#.....#
#.....>##.
####÷..#.....#
#########.
#.(..###.....# #.
#.##.# #.....# #.
#.#### ####### #.
#.# ## #.#
#.###♣♣ #####
#.....♣♣ ♣♣#.@)#
#......♣♣♣♣.'g..#
##......♣..♣#...#
##....♣.♣♣♣#####
###♣♣♣♣♣


You could see Crazy Yiuf.

Vanquished Creatures
  Terence (D:2)
  2 adders (D:2)
  A worm (D:2)
  A leopard gecko (D:1)
  3 orcs (D:2)
  2 ball pythons (D:1)
  4 bats
  5 goblins
  4 hobgoblins
  4 jackals (D:2)
  2 quokkas (D:2)
  3 frilled lizards
  6 kobolds
  10 rats
48 creatures vanquished.

Notes
Turn   | Place    | Note
-------+----------+-------------------------------------------
     0 | Abyss:1  | Gargoyl the Centaur Abyssal Knight began the quest for the Orb.
     0 | Abyss:1  | Reached XP level 1. HP: 19/19 MP: 2/2
   104 | Abyss:1  | Noticed a rakshasa
   114 | D:1      | Escaped the Abyss
   340 | D:1      | Reached XP level 2. HP: 26/26 MP: 3/3
   385 | D:1      | Reached * piety under Lugonu
  1182 | D:2      | Reached XP level 3. HP: 21/31 MP: 4/4
  1657 | D:2      | Found a runed door.
  1862 | D:2      | Noticed Terence
  1877 | D:2      | Killed Terence
  1877 | D:2      | Reached XP level 4. HP: 29/38 MP: 6/6
  1974 | D:2      | Found a sacrificial altar of Ru.
  2198 | D:2      | Noticed Crazy Yiuf
  2210 | D:2      | Succumbed to Crazy Yiuf's poison

Skill      XL: |  1  2 |
---------------+-------+-----
Axes           | 2 |  2.5
Armour         | 2 |  2.3
Fighting       | |  3.5
Dodging        | |  0.6
Invocations    | |  2.8

Action                   |  1- 3 |  4- 6 || total
-------------------------+-------+-------++-------
Melee: Hand axe          |   122 |    12 ||   134
       Kick              |    15 |     5 ||    20
Invok: Depart the Abyss  |     1 |       ||     1
  Use: Scroll            |       |     4 ||     4
       Potion            |       |     3 ||     3
  Eat: Chunk             |     1 |     2 ||     3
Armor: Chain mail        |   126 |     3 ||   129
Dodge: Dodged            |    46 |       ||    46
